 Dungeon Crawl Stone Soup version 0.21-a0-1-gaf3b9a5 (webtiles) character file.

256 turnburgler the Ducker (level 5, -9/48 HPs)
             Began as a Deep Dwarf Transmuter on May 20, 2017.
             Mangled by a wight
             ... wielding a +3 halberd
              (11 damage)
             ... on level 3 of the Dungeon.
             The game lasted 00:21:43 (1792 turns).

turnburgler the Ducker (Deep Dwarf Transmuter)      Turns: 1792, Time: 00:21:44

Health: -9/48      AC:  3    Str: 13    XL:     5   Next: 92%
Magic:  0/5        EV: 14    Int: 14    God:
Gold:   96         SH:  0    Dex: 14    Spells: 5/8 levels left

rFire    . . .     SeeInvis .   B - +0 halberd
rCold    . . .     Gourm    +   (shield currently unavailable)
rNeg     . . .     Faith    .   b - +0 robe
rPois    .         Spirit   .   z - +0 helmet
rElec    .         Reflect  .   (no cloak)
rCorr    .         Harm     .   (no gloves)
MR       .....                  (no boots)
Stlth    +.........             f - amulet of the gourmand
Regen    0.0/turn               (no ring)
MPRegen  0.1/turn               (no ring)

@: very slightly contaminated, non-regenerating, drained
A: damage resistance, heal wounds, sense surroundings 1, no regeneration
a: Heal Wounds


You were on level 3 of the Dungeon.
You were very full.

You visited 1 branch of the dungeon, and saw 3 of its levels.

You collected 96 gold pieces.

Inventory:

Hand Weapons
 o - a +2 rapier of draining
 x - a +0 dagger
 B - a +0 halberd (weapon)
Missiles
 a - 26 arrows
Armour
 b - a +0 robe (worn)
 q - a +0 ring mail
 y - a +0 animal skin
 z - a +0 helmet (worn)
Jewellery
 f - an amulet of the gourmand (around neck)
Scrolls
 h - a scroll of identify {unknown}
 i - 2 scrolls of remove curse {unknown}
 k - a scroll of immolation {unknown}
 l - 2 scrolls of magic mapping {unknown}
 r - a scroll of enchant weapon {unknown}
 v - a scroll of blinking {unknown}
 w - a scroll of teleportation {unknown}
 A - a scroll of recharging {unknown}
Potions
 e - a potion of berserk rage {unknown}
 j - a potion of curing {unknown}
 n - a potion of brilliance {unknown}
 p - a potion of heal wounds {unknown}
 s - a potion of ambrosia {unknown}
 t - a potion of agility {unknown}
 u - a potion of lignification {unknown}
Books
 c - a book of Changes

   Spells                             Type                      Level
   a - Beastly Appendage              Transmutation                1
   b - Sticks to Snakes               Transmutation                2
   c - Spider Form                    Transmutation/Poison         3
   d - Ice Form                       Ice/Transmutation            4
   e - Blade Hands                    Transmutation                5
Comestibles
 d - a bread ration
 g - 2 royal jellies
 m - 2 meat rations
 C - a chunk of flesh


   Skills:
 * Level 2.9(2.2) Fighting
 - Level 0.6(0.0) Short Blades
 * Level 0.0 Polearms
 * Level 4.2(3.6) Dodging
 - Level 3.1(2.4) Unarmed Combat
 + Level 2.3(1.6) Spellcasting
 + Level 2.7(2.0) Transmutations


You had 5 spell levels left.
You knew the following spells:

 Your Spells              Type           Power        Failure   Level  Hunger
a - Beastly Appendage     Tmut           #.....       11%         1    ##.....
b - Sticks to Snakes      Tmut           #.......     16%         2    ###....


Dungeon Overview and Level Annotations

Branches:
Dungeon (3/15)

Altars:
Gozag


Innate Abilities, Weirdness & Mutations

You are resistant to damage.
You can heal yourself by infusing magical energy.
You passively map a small area around you.
You do not regenerate.


Message History

Casting: Sticks to Snakes
Confirm with . or Enter, or press ? or * to list all spells.
You miscast Sticks to Snakes.
You are very lightly contaminated with residual magic.
Your hands glow momentarily.
The wight hits you but does no damage.
Casting: Sticks to Snakes
Confirm with . or Enter, or press ? or * to list all spells.
You miscast Sticks to Snakes.
You smell something strange.
The wight closely misses you.
You hit the wight but do no damage.
The wight is heavily damaged.
The wight completely misses you. The wight barely misses you.
You hit the wight but do no damage.
The wight is heavily damaged.
The wight hits you with a flail!
* * * LOW HITPOINT WARNING * * *
You feel drained.
* * * LOW HITPOINT WARNING * * *
The wight hits you from afar with an enchanted halberd!
You die...

####......##.....#
*
...'......#####..#
, ,, ..##......#
#..# , ,
..##..###.# #.)#
..#...###.## #†##
, ,
###...##...####.#
,* *
#......_.....÷## ,
* #.####...##....#
* * * ##.###..#@##
* #.###..#z.# **
#......##z##* , *
#......##..# * *
.........####.# ,
## ####.....# #.#
* .# #.....# #.# ,
.# #.....# #.. ,
.# #.....# ##.


You could see 2 wights.

Vanquished Creatures
  The ghost of edgar the Sneak, an amateur SpVM (D:3)
  A crimson imp (D:3)
  An orc priest (D:3)
  Robin (D:3)
  2 adders (D:2)
  2 gnolls (D:3)
  A worm (D:2)
  A dart slug (D:1)
  A ball python (D:1)
  3 bats
  2 giant cockroaches
  10 goblins
  9 hobgoblins
  A frilled lizard (D:1)
  8 kobolds
  12 rats
56 creatures vanquished.

Vanquished Creatures (collateral kills)
  2 gnolls (D:3)
  A leopard gecko (D:2)
  3 goblins (D:3)
  2 bats (D:3)
  A frilled lizard (D:2)
9 creatures vanquished.

Grand Total: 65 creatures vanquished

Notes
Turn   | Place    | Note
-------+----------+-------------------------------------------
     0 | D:1      | turnburgler the Deep Dwarf Transmuter began the quest for the Orb.
     0 | D:1      | Reached XP level 1. HP: 16/16 MP: 3/3
   158 | D:1      | Reached skill level 1 in Fighting
   207 | D:1      | Reached XP level 2. HP: 16/25 MP: 4/4
   317 | D:1      | Learned a level 2 spell: Sticks to Snakes
   474 | D:1      | You fall through a shaft!
   553 | D:2      | Reached skill level 3 in Dodging
   553 | D:2      | Reached XP level 3. HP: 31/31 MP: 4/4
  1356 | D:3      | Noticed Robin
  1377 | D:3      | Reached XP level 4. HP: 20/39 MP: 1/5
  1399 | D:3      | Noticed edgar's ghost (amateur SpVM)
  1429 | D:3      | Killed Robin
  1484 | D:3      | HP: 1/39 [edgar's ghost (2)]
  1543 | D:3      | Killed edgar's ghost
  1543 | D:3      | Reached skill level 4 in Dodging
  1543 | D:3      | Reached XP level 5. HP: 14/46 MP: 0/5
  1745 | D:3      | Found an opulent altar of Gozag.
  1792 | D:3      | HP: 2/48 [wight/flail (1)]
  1792 | D:3      | Mangled by a wight

Vault maps used:
D:1:      dpeg_arrival_rooms_b
D:2:      cheibrodos_helix_gallery, st_stairs_14
D:3:      nicolae_overflow_crystal_walls, uniq_natasha, uniq_robin

Skill      XL: |  1  2  3  4 |
---------------+-------------+-----
Fighting       | 1 2 |  2.9
Unarmed Combat | 3 |  3.1
Dodging        | 3 4 |  4.2
Transmutations | 2 |  2.7
Spellcasting   | 2 |  2.3
Short Blades   | |  0.6

Action                   |  1- 3 |  4- 6 || total
-------------------------+-------+-------++-------
Melee: Unarmed           |   139 |    76 ||   215
       Punch             |     1 |       ||     1
       Rapier            |       |    47 ||    47
       Halberd           |       |     4 ||     4
 Cast: Beastly Appendage |     2 |       ||     2
       Sticks to Snakes  |     7 |    11 ||    18
 Abil: Heal Wounds       |     2 |    11 ||    13
  Eat: Chunk             |    13 |     2 ||    15
Armor: Robe              |    20 |    23 ||    43
Dodge: Dodged            |    85 |    94 ||   179
